 Dungeon Crawl Stone Soup version 0.22.0-75-g3901e7991e (webtiles) character file.

35 Kniotic the Insei (level 3, -8/27 HPs)
             Began as a Demigod Transmuter on Sept 12, 2018.
             Mangled by an orc warrior
             ... wielding a +0 dire flail
              (10 damage)
             ... on level 2 of the Dungeon.
             The game lasted 00:03:00 (1964 turns).

Kniotic the Insei (Demigod Transmuter)              Turns: 1964, Time: 00:03:00

Health: -8/27      AC:  2    Str: 15    XL:     3   Next: 4%
Magic:  2/8        EV: 12    Int: 17    God:
Gold:   81         SH:  0    Dex: 16    Spells: 2/5 levels left

rFire    . . .     SeeInvis .     - Unarmed
rCold    . . .     Gourm    .   (no shield)
rNeg     . . .     Faith    .   b - +0 robe
rPois    .         Spirit   .   (no helmet)
rElec    .         Reflect  .   (no cloak)
rCorr    .         Harm     .   (no gloves)
MR       .....                  (no boots)
Stlth    +.........             (no amulet)
HPRegen  0.09/turn              (no ring)
MPRegen  0.11/turn              (no ring)

@: no status effects
A: high mp 1
a: no special abilities


You were on level 2 of the Dungeon.
You were hungry.

You visited 1 branch of the dungeon, and saw 2 of its levels.

You collected 81 gold pieces.

Inventory:

Missiles
 a - 4 arrows
Armour
 b - a +0 robe (worn)
Scrolls
 e - 3 scrolls of identify {unknown}
 f - a scroll of fog {unknown}
 g - 2 scrolls of teleportation {unknown}
 i - 2 scrolls of fear {unknown}
 k - a scroll of enchant armour {unknown}
Potions
 h - 2 potions of degeneration {unknown}
 j - a potion of ambrosia {unknown}
Comestibles
 c - a chunk of flesh
 d - 4 rations


   Skills:
 - Level 0.8 Fighting
 - Level 1.7 Dodging
 + Level 3.3 Unarmed Combat
 - Level 1.7 Spellcasting
 + Level 2.6 Transmutations


You had 2 spell levels left.
You knew the following spells:

 Your Spells              Type           Power        Failure   Level  Hunger
a - Beastly Appendage     Tmut           ##....       7%          1    #......
b - Sticks to Snakes      Tmut           ##......     10%         2    ###....

Your spell library contained the following spells:

 Spells                   Type           Power        Failure   Level  Hunger
 Spider Form              Tmut/Pois      #.........   34%         3    ###....
 Ice Form                 Ice/Tmut       #.......     75%         4    #####..
 Blade Hands              Tmut           ##........   88%         5    ######.


Dungeon Overview and Level Annotations

Branches:
Dungeon (2/15)


Innate Abilities, Weirdness & Mutations

You have an increased reservoir of magic. (+10% MP)


Message History

Your ball python constricts the orc warrior.
You barely miss the orc warrior.
The orc warrior is moderately wounded.
Your ball python bites the orc warrior but does no damage.
Your ball python constricts the orc warrior.
The orc warrior hits you with a dire flail!
* * * LOW HITPOINT WARNING * * *
Your ball python barely misses the orc warrior.
Your ball python constricts the orc warrior.
The orc warrior hits your ball python with a dire flail!!
Your ball python dies!
Casting: Sticks to Snakes (safe; 10% risk of failure)
Confirm with . or Enter, or press ? or * to list all spells.
You create a snake!
You now have 5 arrows.
Casting: Sticks to Snakes (safe; 10% risk of failure)
Confirm with . or Enter, or press ? or * to list all spells.
You create a snake!
You now have 4 arrows.
The orc hits you with a club.
* * * LOW HITPOINT WARNING * * *
The orc warrior hits you with a dire flail!
You die...

### #######
########.####.....###
...........>......).#
###.####.#......oo#.# #.#
#.#......#.#.#####
###.####.#..#.#S#<......#
.........#....#o##o.###.#
###.#######.###.@oS.#
....).......# #####.....#
###.######### ####### #.#
#+#


You could see an orc warrior, 2 orcs and 2 friendly ball pythons.

Vanquished Creatures
  A leopard gecko (D:1)
  2 goblins
  6 hobgoblins
  5 jackals
  4 bats (D:1)
  2 frilled lizards (D:1)
  2 kobolds (D:1)
  4 rats (D:1)
26 creatures vanquished.

Vanquished Creatures (collateral kills)
  A leopard gecko (D:2)
  5 jackals
6 creatures vanquished.

Grand Total: 32 creatures vanquished

Notes
Turn   | Place    | Note
-------+----------+-------------------------------------------
     0 | D:1      | Kniotic the Demigod Transmuter began the quest for the Orb.
     0 | D:1      | Reached XP level 1. HP: 15/15 MP: 5/5
     0 | D:1      | Noticed a spriggan
     4 | D:1      | Noticed a merfolk zombie
    10 | D:1      | Noticed a gargoyle
    14 | D:1      | Noticed a vine stalker
    14 | D:1      | Noticed a formicid
    18 | D:1      | Noticed an elf
   427 | D:1      | Reached skill level 3 in Unarmed Combat
   612 | D:1      | Reached XP level 2. HP: 21/22 MP: 7/7
   616 | D:1      | Learned a level 2 spell: Sticks to Snakes
  1825 | D:2      | Reached XP level 3. HP: 25/27 MP: 8/8
  1898 | D:2      | Noticed an orc warrior
  1964 | D:2      | Mangled by an orc warrior

Skill      XL: |  1 |
---------------+----+-----
Transmutations | 2 |  2.6
Unarmed Combat | 3 |  3.3
Fighting       | |  0.8
Dodging        | |  1.7
Spellcasting   | |  1.7

Action                   || total
-------------------------++-------
Melee: Unarmed           ||    96
       Headbutt          ||     5
       Kick              ||     1
 Cast: Beastly Appendage ||     5
       Sticks to Snakes  ||     8
 Stab: Sleeping          ||     3
  Eat: Chunk             ||     3
Armor: Robe              ||    22
Dodge: Dodged            ||    82
